 Dungeon Crawl Stone Soup version 0.31.0-32-g396128a36d (webtiles) character file.

Game seed: 12616241783397225543

3607 AarnesTheHuman the Fighter (level 9, -4/76 (85) HPs)
             Began as a Minotaur Berserker on Apr 22, 2024.
             Was an Elder of Trog.
             Slain by a wight
             ... wielding a +5 morningstar of freezing
              (13 damage)
             ... on level 7 of the Dungeon.
             The game lasted 00:21:57 (8178 turns).

AarnesTheHuman the Fighter (Minotaur Berserker)     Turns: 8178, Time: 00:21:58

HP:   -4/76 (85)    AC: 15    Str: 29    XL:     9   Next: 86%
MP:   17/17         EV: 12    Int:  4    God:    Trog [****..]
Gold: 265           SH:  0    Dex: 11    Spells: 8/8 levels left

rFire   + . .        p - +8 hammer "Ankash" {heavy, ^Fragile rF+ Str+2 Dex+2}
rCold   . . .        (no shield)
rNeg    . . .        E - +0 chain mail {rPois}
rPois   +            (helmet restricted)
rElec   .            I - +1 cloak
rCorr   .            G - +0 pair of gloves of Youthful Indiscretion {MP+9}
SInv    .            (no boots)
Will    .....        (no amulet) Stlth
                     (no ring)
HPRegen 0.32/turn    (no ring)
MPRegen 0.15/turn

%: no passive effects
@: heavily drained
A: horns 2, retaliatory headbutt
a: Renounce Religion, Berserk, Trog's Hand, Brothers in Arms


You were on level 7 of the Dungeon.
You worshipped Trog.
Trog was greatly pleased with you.
You visited 1 branch of the dungeon, and saw 8 of its levels.

You collected 335 gold pieces.
You spent 70 gold pieces at shops.

Inventory:

Hand Weapons
 a - a +0 hand axe of freezing
 b - a +2 dagger of speed
 m - a +2 war axe of venom
 p - the +8 hammer "Ankash" (weapon) {heavy, ^Fragile rF+ Str+2 Dex+2}
   (You found it on level 3 of the Dungeon)

   Str+2:     It affects your strength (+2).
   Dex+2:     It affects your dexterity (+2).
   rF+:       It protects you from fire.
   ^Fragile:  It will be destroyed if unequipped.
Missiles
 d - 65 stones
 j - 9 poisoned darts
 l - a throwing net
 A - 3 boomerangs (quivered)
Armour
 h - a +0 animal skin
 k - a +0 scale mail
 q - the +2 robe of the Valley of Death {+Blink rElec Dex+4}
   (You took it off an orc on level 3 of the Dungeon)

   Dex+4:     It affects your dexterity (+4).
   rElec:     It insulates you from electricity.
   +Blink:    It lets you blink.
 r - a +2 robe of cold resistance
 B - a +0 pair of gloves
 E - a +0 chain mail of poison resistance (worn)
 G - the +0 pair of gloves of Youthful Indiscretion (worn) {MP+9}
   (You found it on level 6 of the Dungeon)

   MP+9:      It affects your magic capacity (+9).
 I - a +1 cloak (worn)
Jewellery
 y - a ring of flight
Talismans
 t - a maw talisman
Wands
 s - a wand of charming (5)
 w - a wand of iceblast (14)
 z - a wand of flame (35)
Scrolls
 o - a scroll of fog
 u - 2 scrolls of teleportation
 x - 3 scrolls of brand weapon
 H - a scroll of immolation {unknown}
Potions
 c - 3 potions of mutation
 e - 3 potions of lignification
 f - 4 potions of curing
 g - a potion of resistance {unknown}
 i - a potion of invisibility {unknown}
 n - 4 potions of heal wounds
 C - 2 potions of haste {unknown}
 D - a potion of enlightenment {unknown}
 F - a potion of attraction {unknown}
 J - a potion of ambrosia {unknown}


   Skills:
 + Level 9.8 Fighting
 - Level 7.4 Axes
 + Level 1.0 Throwing
 + Level 9.3 Armour
 + Level 8.5 Dodging


You had 8 spell levels left.
You didn't know any spells.
Your spell library was empty.

Dungeon Overview and Level Annotations

Branches:
Dungeon (8/15)             Temple (0/1) D:7
   Lair: D:8-11

Altars:
Ashenzari
Gozag
Hepliaklqana
Kikubaaqudgha
Qazlal
Trog
Uskayaw
Wu Jian
Xom
Yredelemnul

Shops:
D:1 (   D:3 ?(=   D:6 !

Annotations:
D:6 exclusion: downstairs


Innate Abilities, Weirdness & Mutations

You have a pair of horns on your head.
You reflexively headbutt those who attack you in melee.


Message History

A wight comes into view. It is wielding a +0 falchion.
A wight comes into view. It is wielding a +1 great sword.
The wight hits you with a +5 morningstar of freezing!
You feel drained. The wight freezes you.
A wight comes into view.
It is wielding a +2 halberd of freezing.
You sock the wight!
The wight is heavily damaged.
The wight hits you with a +5 morningstar of freezing!
You feel drained. The wight freezes you. The wight closely misses you.
The wight attacks as it pursues you! The wight misses you.
You furiously retaliate!
You headbutt the wight. The wight completely misses you.
The wight attacks as it pursues you! The wight hits you but does no damage.
The wight attacks as it pursues you! The wight hits you with a +0 falchion.
The wight attacks as it pursues you! The wight hits you but does no damage.
The wight attacks as it pursues you! The wight hits you with a +0 falchion.
You feel drained.
Things that are here:
a +0 robe; a +0 great sword The wight attacks as it pursues you!
The wight hits you with a +0 falchion.
There is a stone staircase leading up here.
The wight closely misses you. You furiously retaliate!
You headbutt the wight!
The wight hits you with a +5 morningstar of freezing.
The wight freezes you.
You climb upwards.
There is a stone staircase leading down, spattered with blood here.
You are too injured to fight recklessly!
You are too injured to fight recklessly!
You barely miss the wight.
The wight is severely damaged.
The wight closely misses you.
The wight hits you with a +5 morningstar of freezing!
* * * LOW HITPOINT WARNING * * *
You feel drained.
* * * LOW HITPOINT WARNING * * *
The wight freezes you.
* * * LOW HITPOINT WARNING * * *
The wight barely misses you.
The wight hits you with a +5 morningstar of freezing!
You die...

#............
###..........
##......... #.........
##### ###.........
##~~~###.##.##.....
####~...~##.....#.##..
#.'.[..>..#.....#.##..
#.'..@....#.....#.....
#.'.z[z>..#..##....###
#.##~...~##.....######
#..##~~~##......# ###.
##)#######......###.#.
#..###...............
##......#...........#
####....#####..#.###
##.)..# ######


You could see 2 wights.

Vanquished Creatures
  Maggie (D:7)
  Jeremiah (D:7)
  Sigmund (D:4)
  4 yaks
  Menkaure (D:6)
  2 water moccasins
  Duvessa (D:4)
  An orc warrior (D:6)
  An ice beast (D:5)
  An ogre (D:6)
  2 centaurs
  A weeping skull (D:7)
  3 scorpions (D:5)
  4 wights
  Dowan (D:4)
  3 orc priests
  4 bombardier beetles
  2 hounds (D:5)
  A jelly (D:5)
  2 sleepcaps
  Jessica (D:3)
  3 iguanas
  Ijyb (D:4)
  3 orc wizards
  Robin (D:2)
  19 gnolls
  11 adders
  A white imp (D:5)
  2 ufetubi (D:6)
  2 dart slugs (D:2)
  A ribbon worm (D:3)
  21 orcs
  9 endoplasms
  15 goblins
  3 hobgoblins
  6 jackals
  3 quokkas
  8 ball pythons
  A bat (D:3)
  2 frilled lizards
  6 kobolds
  4 rats
  A spectral orc (D:7)
161 creatures vanquished.

Notes
Turn   | Place    | Note
-------+----------+-------------------------------------------
     0 | D:1      | AarnesTheHuman the Minotaur Berserker began the quest for
                  | the Orb.
     0 | D:1      | Reached XP level 1. HP: 19/19 MP: 0/0
   275 | D:1      | Reached XP level 2. HP: 26/27 MP: 1/1
   309 | D:1      | Found Yrepri's Antique Weapon Boutique.
   769 | D:2      | Noticed Robin
   858 | D:2      | Killed Robin
   859 | D:2      | Reached skill level 5 in Axes
   859 | D:2      | Reached XP level 3. HP: 16/33 MP: 2/2
  1004 | D:2      | Reached ** piety under Trog
  1267 | D:2      | Reached XP level 4. HP: 40/40 MP: 3/3
  1686 | D:3      | Found Naduv's Magic Scroll Emporium.
  1706 | D:3      | Found Onahye Navo's Weapon Shop.
  1792 | D:3      | Identified the +8 hammer "Ankash" {heavy, ^Fragile rF+
                  | Str+2 Dex+2}
  2242 | D:3      | Reached XP level 5. HP: 33/46 MP: 4/4
  2380 | D:3      | Found Xozuziw's Jewellery Shoppe.
  2442 | D:3      | Identified the +2 robe of the Valley of Death {+Blink rElec
                  | Dex+4}
  2507 | D:3      | Noticed Jessica
  2514 | D:3      | Killed Jessica
  3192 | D:4      | Noticed Duvessa
  3197 | D:4      | Noticed Dowan
  3202 | D:4      | Killed Dowan
  3203 | D:4      | Reached XP level 6. HP: 23/53 MP: 5/5
  3203 | D:4      | Killed Duvessa
  3454 | D:4      | Reached skill level 5 in Fighting
  3506 | D:4      | Noticed Sigmund
  3511 | D:4      | Killed Sigmund
  3512 | D:4      | Reached XP level 7. HP: 61/61 MP: 6/6
  3569 | D:4      | Noticed Ijyb
  3573 | D:4      | Killed Ijyb
  3738 | D:4      | Found a broken altar of Ashenzari.
  3914 | D:4      | Reached *** piety under Trog
  4240 | D:5      | Entered Level 5 of the Dungeon
  4392 | D:5      | Reached skill level 5 in Armour
  4611 | D:5      | Reached skill level 5 in Dodging
  4653 | D:5      | Found a stormy altar of Qazlal.
  4742 | D:5      | Found an opulent altar of Gozag.
  4742 | D:5      | Found a hazy altar of Hepliaklqana.
  4796 | D:5      | Reached XP level 8. HP: 68/71 MP: 7/7
  5273 | D:6      | Found a hide-covered altar of Uskayaw.
  5323 | D:6      | Found an ancient bone altar of Kikubaaqudgha.
  5330 | D:6      | Identified the +0 pair of gloves of Youthful Indiscretion
                  | {MP+9}
  5645 | D:6      | Found an ornate altar of the Wu Jian Council.
  5681 | D:6      | Found a bloodstained altar of Trog.
  5787 | D:6      | Found Zongotuj's Distillery.
  6108 | D:6      | Found a shimmering altar of Xom.
  6421 | D:6      | Bought a potion of heal wounds for 70 gold pieces
  6431 | D:7      | Noticed Menkaure
  6431 | D:7      | Found a staircase to the Ecumenical Temple.
  6727 | D:6      | Reached **** piety under Trog
  6735 | D:6      | Killed Menkaure
  6951 | D:7      | Noticed Maggie
  6965 | D:6      | Reached XP level 9. HP: 75/81 MP: 8/8
  7088 | D:7      | Killed Maggie
  7377 | D:7      | Found a basalt altar of Yredelemnul.
  7463 | D:7      | Noticed Jeremiah
  7698 | D:7      | Killed Jeremiah
  8123 | D:7      | Reached skill level 1 in Throwing
  8178 | D:7      | Slain by a wight

Illustrated notes

Levels and vault maps discovered:
D:1:      saegor_arrival_simple_a, layout_loops_ring, serial_shops,
          nicolae_shop_tiny_statue_garden
D:2:      layout_basic, uniq_robin
D:3:      minmay_skewed_foursquare, layout_basic, serial_shops, shop,
          shop_fountains, shop, uniq_jessica, uniq_crazy_yiuf_cottage
D:4:      layout_loops_ring, mainiacjoe_overflow_cross_hatched, uniq_sigmund,
          uniq_duvessa, uniq_ijyb
D:5:      layout_loops_ring, gammafunk_temple_overflow_pools,
          overflow_temple_1_default, kennysheep_generic_room_16
D:6:      layout_basic, eat_drink_and_be_merry_uskayaw,
          kiku_gazebo_garden_becter, lemuel_doored_altar,
          pdpol_wu_jian_five_deadly_venoms, mainiacjoe_overflow_brackets,
          serial_shops, nicolae_shop_advertising_works
          [nicolae_subvault_shop_adworks]
D:7:      layout_cave_pools, yredelemnul_forgotten_temple_becter,
          temple_statues, kennysheep_windowed_goal, uniq_menkaure,
          uniq_jeremiah, uniq_maggie
D:8:      layout_cave_pools

Skill      XL: |  1  2  3  4  5  6  7  8  9 |
---------------+----------------------------+-----
Axes           | 4 5 6 7 |  7.4
Fighting       | 4 5 6 8 9 |  9.8
Armour         | 3 4 5 7 9 |  9.3
Dodging        | 3 4 5 7 8 |  8.5
Throwing       | 1 |  1.0

Action                     |  1- 3 |  4- 6 |  7- 9 || total
---------------------------+-------+-------+-------++-------
  Melee: Hand axe          |    29 |       |       ||    29
         Headbutt          |     8 |    19 |    25 ||    52
         Dagger            |    51 |    94 |       ||   145
         Mace              |       |    19 |   167 ||   186
         Punch             |       |     2 |     1 ||     3
  Throw: Boomerang         |       |       |     8 ||     8
 Invoke: Berserk           |     1 |     5 |     2 ||     8
    Use: Scroll            |       |     1 |     7 ||     8
   Stab: Sleeping          |     1 |       |       ||     1
 Armour: Animal skin       |    37 |    22 |       ||    59
         Scale mail        |       |    20 |       ||    20
         Robe              |       |    18 |    50 ||    68
         Chain mail        |       |       |   160 ||   160
  Dodge: Dodged            |    45 |    52 |   176 ||   273
